 Dungeon Crawl Stone Soup version 0.23-b1-13-gf37ab262a9 (webtiles) character file.

Game seed: 9559260510075922810

8108 Revguard the Blocker (level 11, -2/124 HPs)
             Began as a Formicid Fighter on Feb 3, 2019.
             Was a Priest of Yredelemnul.
             Engulfed by a cloud of flame (23 damage)
             ... on level 10 of the Dungeon.
             The game lasted 00:50:57 (9278 turns).

Revguard the Blocker (Formicid Fighter)             Turns: 9278, Time: 00:50:58

Health: -2/124     AC: 25    Str: 21    XL:     11   Next: 49%
Magic:  16/16      EV:  2    Int:  8    God:    Yredelemnul [***...]
Gold:   200        SH: 13    Dex: 13    Spells: 10/10 levels left

rFire    . . .     SeeInvis .   b - +5 spear (freeze)
rCold    . . .     Gourm    .   c - +1 shield
rNeg     + + +     Faith    .   (armour currently unavailable)
rPois    +         Spirit   .   (helmet unavailable)
rElec    .         Reflect  .   (cloak currently unavailable)
rCorr    .         Harm     .   (gloves currently unavailable)
MR       +....                  (boots currently unavailable)
Stlth    +.........             B - amulet of regeneration
HPRegen  0.70/turn              m - ring of positive energy
MPRegen  0.15/turn              H - ring of poison resistance

@: tree-form
A: permanent stasis, dig shafts and tunnels, four strong arms
a: Recall Undead Slaves, Injury Mirror, Animate Dead, Renounce Religion


You were on level 10 of the Dungeon.
You worshipped Yredelemnul.
Yredelemnul was most pleased with you.
You were not hungry.
You were a tree.
You visited 1 branch of the dungeon, and saw 10 of its levels.

You collected 540 gold pieces.
You spent 340 gold pieces at shops.

Inventory:

Hand Weapons
 b - a +5 spear of freezing (weapon)
Armour
 c - a +1 shield (worn)
 y - a +0 plate armour
 I - the +1 pair of boots of the Wilderness (melded) {*Contam *Corrode Str+9}
   (You bought it in a shop on level 8 of the Dungeon)

   It affects your strength (+9).
   It causes magical contamination when unequipped.
   It may corrode you when you take damage.
 N - a +0 pair of gloves (melded)
 O - the +0 plate armour of the Moons (melded) {Str+6}
   (You found it on level 9 of the Dungeon)

   It affects your strength (+6).
 P - a +2 cloak (melded)
Jewellery
 h - an uncursed amulet of harm
 m - a ring of positive energy (left branch)
 z - an uncursed amulet of rage {unknown}
 B - an amulet of regeneration (around neck)
 H - a ring of poison resistance (right branch)
 J - an uncursed ring of magical power
Wands
 k - a wand of random effects (21)
 q - a wand of flame (7)
 r - a wand of digging (7)
 v - a wand of disintegration (5)
 G - a wand of polymorph (3)
Scrolls
 g - 4 scrolls of enchant armour
 j - 2 scrolls of magic mapping
 o - 3 scrolls of immolation
 t - 4 scrolls of fear
 A - a scroll of fog
 D - 6 scrolls of teleportation
 K - 2 scrolls of remove curse
 L - 2 scrolls of identify
Potions
 d - 3 potions of might
 l - a potion of ambrosia
 n - 2 potions of flight
 p - a potion of curing
 s - 6 potions of haste
 u - 2 potions of brilliance
 w - a potion of lignification
 F - a potion of berserk rage
Comestibles
 f - 12 rations


   Skills:
 + Level 6.9 Fighting
   Level 2.0(6.2) Axes
 + Level 9.3(9.4) Polearms
 + Level 8.0 Armour
 + Level 4.5 Dodging
 + Level 10.5 Shields
 + Level 7.1 Invocations
 + Level 0.1 Evocations


You had 10 spell levels left.
You didn't know any spells.
Your spell library contained the following spells:

 Spells                   Type           Power        Failure   Level  Hunger
 Confusing Touch          Hex            #.....       41%         1    ##.....
 Magic Dart               Conj           #...         41%         1    ##.....
 Sandblast                Erth           #.....       41%         1    ##.....
 Call Imp                 Summ           #.......     54%         2    ###....
 Passwall                 Tmut/Erth      #.......     54%         2    ###....
 Slow                     Hex            #.......     54%         2    ###....
 Confuse                  Hex            #.......     78%         3    ####...
 Conjure Flame            Conj/Fire      #.......     78%         3    ####...
 Gell's Gravitas          Tloc           #.........   78%         3    ####...
 Mephitic Cloud           Conj/Pois/Air  #.......     78%         3    ####...
 Stone Arrow              Conj/Erth      #.....       78%         3    ####...
 Petrify                  Tmut/Erth      #.......     99%         4    #####..
 Lee's Rapid Deconstruct  Erth           #.........   100%        5    ######.
 Metabolic Englaciation   Hex/Ice        #.........   100%        5    ######.
 Yara's Violent Unravell  Hex/Tmut       #.........   100%        5    ######.
 Blink                    Tloc           Unusable     N/A         2    N/A

Dungeon Overview and Level Annotations

Branches:
Dungeon (10/15)            Temple (0/1) D:6            Lair (0/6) D:9
    Orc (0/2) D:10

Altars:
Hepliaklqana
Kikubaaqudgha
Nemelex Xobeh
Okawaru
Qazlal
Sif Muna
Uskayaw
Wu Jian
Yredelemnul
Zin

Shops:
D:6 *   D:7 }   D:8 *[?=   D:9 }

Annotations:
D:10 Nergalle


Innate Abilities, Weirdness & Mutations

You cannot be hasted, slowed, berserked, paralysed or teleported.
You can dig through walls and to a lower floor.
Your four strong arms can wield two-handed weapons with a shield.
((You have a pair of large antennae on your head. (SInv)))


Message History

Press: ? - help, Dir - move target cursor, f - spectral orc
Aim: a spectral orc, wielding a +0 club (summoned)
You reach to attack!
You puncture the spectral orc!
You destroy the spectral orc!
You are engulfed in blazing flames.
Nergalle hits your orc priest zombie but does no damage.
Evoke which item? (* to show all) (? for menu, Esc to quit)
Aiming: Disintegrate
Press: ? - help, Shift-Dir - straight line, f - Nergalle
Aim: Nergalle, wielding a +0 dagger and wearing a +0 robe (lightly wounded, inner flame, chance to defeat MR: 30%) Really fire in your orc priest zombie's direction?
The orc priest zombie barely resists.
You are engulfed in blazing flames.
* * * LOW HITPOINT WARNING * * *
Evoke which item? (* to show all) (? for menu, Esc to quit)
Aiming: Disintegrate
Press: ? - help, Shift-Dir - straight line, f/p - Nergalle
Aim: Nergalle, wielding a +0 dagger and wearing a +0 robe (lightly wounded, inner flame, chance to defeat MR: 30%) Nergalle is blasted!!
You are engulfed in blazing flames.
You die...
Your body rises from the dead as a mindless zombie.

......# #...........#######
......#
#####..................
.......
.......................
.......
......#Z#######........ .##
####..#o#8)%%8#.......# .####
#. #°#°))).#.......# ......
.. #°°{%>%.#.......# ......
.. #○#{OoO.#{....... .......
... #♣# KO.8#.######. ######.
#.# ####Z# ...>
#######.#######.######. ....
...............Z...... ##
#........Z...........
#..........#########.
############.................
.............................
####........................#


You could see Nergalle (inner flame) and an orc priest zombie (inner flame).

Vanquished Creatures
  A hydra (D:10)
  A troll (D:10)
  A hydra zombie (D:10)
  A polar bear (D:9)
  A hippogriff (D:7)
  A spriggan (D:9)
  A wraith (D:10)
  3 hogs (D:9)
  A yak (D:9)
  A human (D:9)
  A hungry ghost (D:8)
  Grum (D:8)
  A soldier ant (D:8)
  A water moccasin (D:8)
  4 sky beasts
  A black bear (D:10)
  2 orc warriors
  An eye of draining (D:8)
  3 necrophages
  6 ogres
  2 centaurs
  2 wolves (D:8)
  2 big kobolds (D:10)
  A crocodile (D:7)
  7 bullfrogs
  2 gnoll sergeants
  2 scorpions (D:5)
  13 killer bees
  A howler monkey (D:4)
  2 crimson imps (D:7)
  2 hounds
  A quasit (D:8)
  2 jellies (D:5)
  6 orc wizards
  5 orc priests
  A bullfrog skeleton (D:6)
  An iguana (D:8)
  Terence (D:2)
  Natasha (D:2)
  7 worker ants
  A hound skeleton (D:9)
  8 adders
  6 gnolls
  2 oozes
  2 worms (D:2)
  2 dart slugs (D:1)
  4 leopard geckos
  9 orcs
  5 giant cockroaches
  2 gnoll zombies (D:2)
  4 goblins
  8 hobgoblins
  9 jackals
  12 kobolds
  5 quokkas
  11 bats
  5 frilled lizards
  2 leopard gecko skeletons
  A leopard gecko zombie (D:8)
  A quokka zombie (D:5)
  10 rats
203 creatures vanquished.

Vanquished Creatures (collateral kills)
  The ghost of LostNumber the Magician, a novice GnWr of Nemelex Xobeh (D:9)
  2 spriggans (D:9)
  A black bear (D:8)
  An orc warrior (D:10)
  An ice beast (D:7)
  An ogre (D:4)
  2 wolves (D:8)
  4 big kobolds
  2 bullfrogs
  2 killer bees
  An electric eel (D:6)
  An orc priest (D:9)
  A hound (D:9)
  Natasha (D:2)
  2 iguanas
  An orc wizard (D:6)
  3 worker ants
  A hound skeleton (D:7)
  5 gnolls
  3 adders
  2 shadow imps
  An ooze (D:7)
  A worm (D:3)
  8 orcs
  A giant cockroach (D:3)
  A goblin (D:3)
  5 jackals
  A ball python (D:3)
  6 kobolds
  A rat (D:3)
63 creatures vanquished.

Vanquished Creatures (others)
  A hog zombie (D:9)
  A wight (D:10)
  A bullfrog zombie (D:10)
  2 bullfrog skeletons (D:9)
  A human zombie (D:9)
  7 killer bee zombies
  2 sky beast zombies
  A necrophage skeleton (D:5)
  A hound zombie (D:10)
  3 worker ant zombies
  A scorpion zombie (D:5)
  An adder skeleton (D:2)
  An adder zombie (D:9)
  A gnoll zombie (D:9)
  A frilled lizard zombie (D:2)
  A hobgoblin skeleton (D:2)
  A jackal skeleton (D:5)
  A jackal zombie (D:9)
  2 kobold zombies (D:10)
  A leopard gecko skeleton (D:4)
  An orc skeleton (D:5)
  5 orc zombies
  2 quokka zombies
  A fungus (D:9)
  3 plants (D:9)
43 creatures vanquished.

Grand Total: 309 creatures vanquished

Notes
Turn   | Place    | Note
-------+----------+-------------------------------------------
     0 | D:1      | Revguard the Formicid Fighter began the quest for the Orb.
     0 | D:1      | Reached XP level 1. HP: 18/18 MP: 1/1
   102 | D:1      | Reached XP level 2. HP: 24/24 MP: 2/2
   133 | D:1      | Reached skill level 4 in Shields
   330 | D:1      | Reached XP level 3. HP: 29/29 MP: 3/3
   625 | D:2      | Found a basalt altar of Yredelemnul.
   634 | D:2      | Became a worshipper of Yredelemnul the Dark
   805 | D:2      | Reached skill level 1 in Polearms
   904 | D:2      | Reached XP level 4. HP: 27/37 MP: 4/4
   938 | D:2      | Noticed Natasha
   950 | D:2      | Killed Natasha
   962 | D:2      | Reached * piety under Yredelemnul
  1219 | D:2      | Noticed Natasha
  1230 | D:2      | Killed Natasha
  1230 | D:2      | Reached XP level 5. HP: 39/42 MP: 5/5
  1258 | D:2      | Noticed an ogre
  1281 | D:2      | Killed an ogre
  1350 | D:2      | Noticed Terence
  1368 | D:2      | Killed Terence
  1368 | D:2      | Reached XP level 6. HP: 38/48 MP: 6/6
  1596 | D:3      | Reached skill level 1 in Dodging
  1695 | D:3      | Found a deep blue altar of Sif Muna.
  1780 | D:3      | Reached skill level 5 in Shields
  2075 | D:4      | Reached skill level 1 in Invocations
  2117 | D:4      | Noticed an ogre
  2137 | D:4      | Killed an ogre
  2166 | D:4      | Noticed an ogre
  2178 | D:4      | Killed an ogre
  2178 | D:4      | Reached XP level 7. HP: 43/54 MP: 8/8
  2515 | D:4      | Identified the cursed +1 ring mail of Entitlement {Str+3
                  | Int+4 SInv}
  2900 | D:5      | Entered Level 5 of the Dungeon
  2924 | D:5      | Reached ** piety under Yredelemnul
  2975 | D:5      | Reached XP level 8. HP: 42/60 MP: 8/10
  3024 | D:5      | Found a hazy altar of Hepliaklqana.
  3071 | D:5      | Found an iron altar of Okawaru.
  3176 | D:5      | Reached skill level 5 in Polearms
  3176 | D:5      | Reached skill level 5 in Armour
  3214 | D:5      | Found an ornate altar of the Wu Jian Council.
  3232 | D:5      | Found a glowing silver altar of Zin.
  3261 | D:5      | Reached skill level 6 in Shields
  3266 | D:5      | Found an ancient bone altar of Kikubaaqudgha.
  3488 | D:5      | Found a sparkling altar of Nemelex Xobeh.
  3581 | D:5      | Got a steaming mace
  3583 | D:5      | Identified the cursed +3 mace "Jielitzu" {speed, SInv} (You
                  | found it on level 5 of the Dungeon)
  4140 | D:6      | Found Optoppic's Assorted Antiques.
  4221 | D:6      | Found a staircase to the Ecumenical Temple.
  4528 | D:6      | Reached XP level 9. HP: 59/66 MP: 12/12
  5010 | D:6      | Reached skill level 5 in Fighting
  5271 | D:7      | Reached skill level 7 in Shields
  5526 | D:7      | Noticed a hippogriff
  5537 | D:7      | Killed a hippogriff
  5617 | D:7      | Found Afaf's Gadget Emporium.
  6476 | D:8      | Found Aqoicaf's Antique Armour Shop.
  6484 | D:8      | Bought a pair of fine boots for 256 gold pieces
  6495 | D:8      | Identified the +1 pair of boots of the Wilderness {*Contam
                  | *Corrode Str+9} (You bought it in a shop on level 8 of the
                  | Dungeon)
  6536 | D:8      | Reached skill level 8 in Shields
  6536 | D:8      | Reached XP level 10. HP: 63/74 MP: 13/13
  6562 | D:8      | Found Huantup's General Store.
  6781 | D:8      | Found Hois's Magic Scroll Shop.
  6785 | D:8      | Noticed Grum
  6798 | D:8      | Reached skill level 5 in Invocations
  6811 | D:8      | Killed Grum
  6824 | D:8      | Bought a scroll of identify for 28 gold pieces
  6824 | D:8      | Bought a scroll of identify for 28 gold pieces
  6824 | D:8      | Bought a scroll of identify for 28 gold pieces
  6889 | D:8      | Found a stormy altar of Qazlal.
  6974 | D:8      | Found Ducwato's Jewellery Shop.
  7740 | D:9      | Reached skill level 9 in Shields
  7858 | D:9      | Found a runed translucent door.
  7860 | D:9      | Noticed LostNumber's ghost (novice GnWr)
  7862 | D:9      | Identified the +1 spear "Nacytit" {protect, Str+3}
  7891 | D:9      | Found a staircase to the Lair.
  7911 | D:9      | Got a twisted plate armour
  7922 | D:9      | Identified the cursed +0 plate armour of the Moons {Str+6}
                  | (You found it on level 9 of the Dungeon)
  7929 | D:9      | Found Oseklauh's Gadget Shop.
  8259 | D:9      | Noticed a +0 dagger
  8260 | D:9      | Noticed a +0 dagger
  8263 | D:9      | Found a hide-covered altar of Uskayaw.
  8529 | D:9      | Reached *** piety under Yredelemnul
  8779 | D:9      | Reached XP level 11. HP: 71/81 MP: 15/15
  8831 | D:9      | Killed LostNumber's ghost
  8893 | D:10     | Entered Level 10 of the Dungeon
  8973 | D:10     | Reached skill level 10 in Shields
  8991 | D:10     | Received a gift from Yredelemnul (a wight)
  9222 | D:10     | Noticed an eight-headed hydra
  9235 | D:10     | Killed an eight-headed hydra
  9243 | D:10     | Found a staircase to the Orcish Mines.
  9257 | D:10     | Noticed Nergalle
  9278 | D:10     | Engulfed by a cloud of flame

Skill      XL: |  1  2  3  4  5  6  7  8  9 10 11 |
---------------+----------------------------------+-----
Shields        | 4 5 6 8 9 10 | 10.5
Polearms       | 1 2 3 4 5 7 8 9 |  9.3
Armour         | 4 5 6 7 8 |  8.0
Fighting       | 4 5 6 |  6.9
Dodging        | 1 2 3 4 |  4.5
Invocations    | 1 2 4 6 7 |  7.1
Axes           | |  2.0
Evocations     | |  0.1

Action                   |  1- 3 |  4- 6 |  7- 9 | 10-12 || total
-------------------------+-------+-------+-------+-------++-------
Melee: Spear             |   107 |   152 |   439 |   387 ||  1085
Invok: Animate Remains   |       |    12 |    32 |    19 ||    63
       Injury Mirror     |       |       |     1 |     1 ||     2
       Recall Undead Sla |       |       |     1 |       ||     1
       Animate Dead      |       |       |       |    11 ||    11
 Abil: Dig               |       |       |       |     1 ||     1
Evoke: Wand              |       |       |     2 |     2 ||     4
  Use: Scroll            |       |    10 |     2 |    12 ||    24
       Potion            |       |     1 |     4 |     6 ||    11
 Stab: Distracted        |       |     1 |     1 |     5 ||     7
  Eat: Chunk             |       |     3 |    15 |     8 ||    26
       Ration            |       |     1 |     3 |     3 ||     7
Armor: Scale mail        |    31 |    25 |     5 |       ||    61
       Ring mail         |       |       |    75 |    12 ||    87
       Skin              |       |       |     7 |    21 ||    28
       Plate armour      |       |       |       |   100 ||   100
Dodge: Dodged            |    24 |    33 |   126 |   108 ||   291
Block: Shield            |    31 |    66 |   199 |   254 ||   550
